 Dungeon Crawl Stone Soup version 0.22-a0-362-g535178c (webtiles) character file.

494 sankara the Sneak (level 6, 0/30 HPs)
             Began as a Spriggan Enchanter on Apr 19, 2018.
             Was an Initiate of Ashenzari.
             Slain by a bullfrog (7 damage)
             ... on level 4 of the Dungeon.
             The game lasted 00:26:54 (5132 turns).

sankara the Sneak (Spriggan Enchanter)              Turns: 5132, Time: 00:26:55

Health: 0/30       AC:  2    Str:  4    XL:     6   Next: 92%
Magic:  9/13       EV: 18    Int: 19    God:    Ashenzari [......]
Gold:   256        SH:  0    Dex: 16    Spells: 4/13 levels left

rFire    + . .     SeeInvis +   a - +1 dagger (curse)
rCold    . . .     Gourm    .   (shield restricted)
rNeg     . . .     Faith    .   u - +0 robe {rF+} (curse)
rPois    .         Spirit   .   (helmet restricted)
rElec    .         Reflect  .   (no cloak)
rCorr    .         Harm     .   (gloves unavailable)
MR       +....                  (boots unavailable)
Stlth    ++++......             (no amulet)
HPRegen  0.10/turn              (no ring)
MPRegen  0.13/turn              (no ring)

@: very slightly contaminated, very quick
A: very small, unfitting armour, see invisible, herbivore, speed 3, slow
metabolism 2
a: Curse Item, Renounce Religion


You were on level 4 of the Dungeon.
You worshipped Ashenzari.
Ashenzari was noncommittal.
You were not hungry.

You visited 2 branches of the dungeon, and saw 5 of its levels.

You collected 256 gold pieces.

Inventory:

Hand Weapons
 a - a cursed +1 dagger (weapon)
Missiles
 c - 109 stones (quivered)
 n - 7 tomahawks
Armour
 m - a +0 buckler
   (You found it on level 3 of the Dungeon)
 u - a cursed +0 robe of fire resistance (worn)
   (You took it off Jessica on level 3 of the Dungeon)
Wands
 v - a wand of flame (36)
   (You found it on level 4 of the Dungeon)
Scrolls
 e - 3 scrolls of remove curse
 f - 7 scrolls of teleportation {unknown}
 g - 3 scrolls of enchant armour {unknown}
 i - 6 scrolls of identify {unknown}
 q - a scroll of magic mapping {unknown}
 r - a scroll of immolation {unknown}
 s - 2 scrolls of noise {unknown}
 t - a scroll of fear {unknown}
 w - a scroll of blinking {unknown}
Potions
 b - a potion of curing {unknown}
 h - a potion of invisibility {unknown}
 j - a potion of magic {unknown}
 k - a potion of mutation {unknown}
 l - 3 potions of lignification {unknown}
 o - a potion of cancellation {unknown}
 p - a potion of flight {unknown}
Comestibles
 d - 4 rations


   Skills:
 + Level 1.2 Fighting
 - Level 1.1 Short Blades
 - Level 3.0 Dodging
 * Level 7.9 Stealth
 + Level 4.2 Spellcasting
 * Level 6.0 Hexes
 + Level 1.7 Ice Magic
 + Level 1.5 Evocations


You had 4 spell levels left.
You knew the following spells:

 Your Spells              Type           Power        Failure   Level  Hunger
a - Corona                Hex            ####...      1%          1    None
b - Ensorcelled Hibernat  Hex/Ice        ###...       4%          2    #......
c - Confuse               Hex            ####....     3%          3    ###....
d - Tukima's Dance        Hex            ####....     3%          3    ###....


Dungeon Overview and Level Annotations

Branches:
Dungeon (4/15)             Temple (1/1) D:4

Altars:
Ashenzari
Cheibriados
Dithmenos
Elyvilon
Fedhas
Gozag
Nemelex Xobeh
Qazlal
Ru
Sif Muna
Trog
Uskayaw
Wu Jian
Xom
Yredelemnul
The Shining One


Innate Abilities, Weirdness & Mutations

You are very small and have problems with some larger weapons.
You are too small for most types of armour.
You have supernaturally acute eyesight. (SInv)
You are a herbivore.
You cover ground extremely quickly.
You need to consume almost no food.


Message History

Aiming: Confuse (safe; 3% risk of failure)
Press: ? - help, Shift-Dir - straight line, f/p - bullfrog skeleton
Aim: a bullfrog skeleton (chance to defeat MR: 68%)
The bullfrog skeleton appears confused.
You are near starving!
The bullfrog skeleton hits itself.
You catch the helpless bullfrog skeleton completely off-guard!
You impale the bullfrog skeleton!!
The bullfrog skeleton is almost destroyed.
You catch the helpless bullfrog skeleton completely off-guard!
You impale the bullfrog skeleton!!
You destroy the bullfrog skeleton!
Your Hexes skill increases to level 6!
w - a scroll labeled TUMEPE LURI You start resting.
Your magical contamination has completely faded away.
You start resting.
Magic restored.
You eat one of the 5 rations.
That ration really hit the spot!
A bullfrog comes into view.
The bullfrog croaks.
The bullfrog moves out of view.
The bullfrog is too close now for your liking.
Casting: Confuse (safe; 3% risk of failure)
Confirm with . or Enter, or press ? or * to list all spells.
You don't know that spell.
You open the door. The bullfrog hits you.
Press: ? - help, v - describe, . - travel
Here: a bullfrog The floor.
Casting: Confuse (safe; 3% risk of failure)
Confirm with . or Enter, or press ? or * to list all spells.
Aiming: Corona (safe; 1% risk of failure)
Press: ? - help, Shift-Dir - straight line, f - bullfrog
Aim: a bullfrog (chance to defeat MR: 67%)
The bullfrog is outlined in light.
The bullfrog hits you!
You hit the bullfrog.
The bullfrog is lightly wounded.
The bullfrog barely misses you. The bullfrog misses you.
You hit the bullfrog.
The bullfrog is moderately wounded.
The bullfrog barely misses you.
You barely miss the bullfrog.
The bullfrog is moderately wounded.
The bullfrog closely misses you. The bullfrog misses you.
You hit the bullfrog.
The bullfrog is moderately wounded.
The bullfrog closely misses you.
You barely miss the bullfrog.
The bullfrog is moderately wounded.
The bullfrog hits you but does no damage.
You hit the bullfrog.
The bullfrog is heavily wounded.
The bullfrog completely misses you. The bullfrog barely misses you.
You hit the bullfrog.
The bullfrog is heavily wounded.
The bullfrog closely misses you.
You hit the bullfrog.
The bullfrog is heavily wounded.
The bullfrog stops glowing.
The bullfrog barely misses you. The bullfrog hits you.
You hit the bullfrog.
The bullfrog is heavily wounded.
The bullfrog hits you.
You hit the bullfrog.
The bullfrog is heavily wounded.
The bullfrog closely misses you.
You hit the bullfrog.
The bullfrog is severely wounded.
The bullfrog closely misses you. The bullfrog completely misses you.
You hit the bullfrog.
The bullfrog is severely wounded.
The bullfrog closely misses you.
You closely miss the bullfrog.
The bullfrog is severely wounded.
The bullfrog closely misses you. The bullfrog barely misses you.
You hit the bullfrog.
The bullfrog is almost dead.
The bullfrog hits you!
* * * LOW HITPOINT WARNING * * *
Casting: Corona (safe; 1% risk of failure)
Confirm with . or Enter, or press ? or * to list all spells.
You don't know that spell.
Unknown command.
Unknown command.
Casting: Corona (safe; 1% risk of failure)
Confirm with . or Enter, or press ? or * to list all spells.
Aiming: Ensorcelled Hibernation (safe; 4% risk of failure)
Press: ? - help, Shift-Dir - straight line, f/p - bullfrog
Aim: a bullfrog (almost dead, chance to defeat MR: 49%)
You miscast Ensorcelled Hibernation.
You are very lightly contaminated with residual magic.
Your hands glow momentarily.
The bullfrog completely misses you.
Casting: Ensorcelled Hibernation (safe; 4% risk of failure)
Confirm with . or Enter, or press ? or * to list all spells.
Aiming: Ensorcelled Hibernation (safe; 4% risk of failure)
Press: ? - help, Shift-Dir - straight line, f/p - bullfrog
Aim: a bullfrog (severely wounded, chance to defeat MR: 49%)
The bullfrog resists with some effort.
The bullfrog hits you!
You die...

##..##..# #.#........###..#
........####.#........#
+#####........##.#........#
...#........#.##..........#
...#.######.#.####.......##
...#.# #.#.# #.......# .
...#.# #.#.####.####+## #.
...#.######.#.#..F.####.##
..+.
>..'............@..........
..##
...##.......#.........#....
....
...+.......................
....
...##.........#.#.#.#.....
.# #.
...##..####.....#...#.....
.. +.
.......####[....#.........
.###.
..........................
.....
....#..####..)............
#.##. .#<....#
#....#####..#### #.##.


You could see a bullfrog.

Vanquished Creatures
  An ogre (D:4)
  A bullfrog skeleton (D:4)
  A hound (D:4)
  3 orc wizards (D:4)
  Jessica (D:3)
  An iguana (D:4)
  A worker ant (D:4)
  A worker ant zombie (D:4)
  3 gnolls
  7 adders
  A dart slug (D:1)
  8 leopard geckos
  7 orcs
  3 ball pythons
  3 giant cockroaches
  7 hobgoblins
  8 jackals
  2 quokkas
  4 bats
  3 frilled lizards
  5 goblins
  9 kobolds
  6 rats
86 creatures vanquished.

Notes
Turn   | Place    | Note
-------+----------+-------------------------------------------
     0 | D:1      | sankara the Spriggan Enchanter began the quest for the Orb.
     0 | D:1      | Reached XP level 1. HP: 9/9 MP: 5/5
   135 | D:1      | Reached XP level 2. HP: 11/13 MP: 4/6
   194 | D:1      | Reached skill level 4 in Hexes
   219 | D:1      | Reached skill level 5 in Stealth
   311 | D:1      | Reached skill level 3 in Spellcasting
   432 | D:1      | Learned a level 2 spell: Ensorcelled Hibernation
   653 | D:1      | Reached XP level 3. HP: 16/16 MP: 1/8
  1136 | D:1      | Learned a level 3 spell: Confuse
  2529 | D:2      | Reached XP level 4. HP: 21/21 MP: 6/9
  2552 | D:2      | Reached skill level 6 in Stealth
  2970 | D:3      | Noticed Jessica
  3258 | D:3      | Reached skill level 5 in Hexes
  3274 | D:3      | Reached skill level 1 in Ice Magic
  3322 | D:3      | Reached XP level 5. HP: 24/24 MP: 6/11
  3339 | D:3      | Learned a level 3 spell: Tukima's Dance
  3624 | D:3      | Killed Jessica
  3683 | D:4      | Reached skill level 7 in Stealth
  3821 | D:4      | Found a staircase to the Ecumenical Temple.
  3827 | Temple   | Entered the Ecumenical Temple
  4032 | Temple   | Became a worshipper of Ashenzari the Shackled
  4232 | D:4      | Reached XP level 6. HP: 29/29 MP: 9/12
  4391 | D:4      | Reached skill level 4 in Spellcasting
  4631 | D:4      | Reached skill level 1 in Fighting
  4631 | D:4      | Reached skill level 1 in Evocations
  5022 | D:4      | Reached skill level 6 in Hexes
  5121 | D:4      | HP: 7/30 [bullfrog (8)]
  5132 | D:4      | Slain by a bullfrog

Vault maps used:
D:1:      mushboom_english_gardens
D:3:      minmay_ruptured, uniq_jessica
D:4:      lemuel_doored_altar, minmay_temple_entry_enclosed_plants,
          first_ration, kennysheep_generic_room_5
Temple:   eino_temple_scatter_basement

Skill      XL: |  1  2  3  4  5  6 |
---------------+-------------------+-----
Hexes          | 4 5 6 |  6.0
Stealth        | 5 6 7 |  7.9
Spellcasting   | 3 4 |  4.2
Ice Magic      | 1 |  1.7
Fighting       | 1 |  1.2
Evocations     | 1 |  1.5
Short Blades   | |  1.1
Dodging        | |  3.0

Action                   |  1- 3 |  4- 6 || total
-------------------------+-------+-------++-------
Melee: Dagger            |    86 |   135 ||   221
 Cast: Corona            |    20 |    13 ||    33
       Ensorcelled Hiber |    13 |    45 ||    58
       Confuse           |     3 |    15 ||    18
Invok: Curse Item        |       |     2 ||     2
 Stab: Sleeping          |    22 |    36 ||    58
       Confused          |       |     6 ||     6
  Eat: Ration            |       |     3 ||     3
Armor: Robe              |     6 |    10 ||    16
Dodge: Dodged            |    64 |    86 ||   150

Table legend:
 A = Spawn XP
 B = Non-spawn XP
 C = Spawn XP percentage of total XP
 D = Spawn monster count
 E = Non-spawn monster count
 F = Spawn count percentage of total count
 G = Total turns spent on level
                    A         B        C        D         E        F      G
               +---------+---------+-------+---------+---------+-------+---------
         Total |       0 |     707 |   0.0 |       0 |      86 |   0.0 |  5132
               +---------+---------+-------+---------+---------+-------+---------
           D:1 |       0 |      63 |   0.0 |       0 |      26 |   0.0 |  1646
           D:2 |       0 |      90 |   0.0 |       0 |      19 |   0.0 |  1323
           D:3 |       0 |     117 |   0.0 |       0 |      23 |   0.0 |  1075
           D:4 |       0 |     437 |   0.0 |       0 |      18 |   0.0 |   862
               +---------+---------+-------+---------+---------+-------+---------

Vault maps used:
D:1:      mushboom_english_gardens
D:3:      minmay_ruptured, uniq_jessica
D:4:      lemuel_doored_altar, minmay_temple_entry_enclosed_plants,
          first_ration, kennysheep_generic_room_5
Temple:   eino_temple_scatter_basement

Table legend:
 A = Turns spent in this place as a percentage of turns spent in the entire game.
 B = Non-inter-level travel turns spent in this place as a percentage of non-inter-level travel turns spent in the entire game.
 C = Inter-level travel turns spent in this place as a percentage of turns spent in this place.
 D = Turns resting spent in this place as a percentage of non-inter-level travel turns spent in this place.
 E = Turns spent auto-exploring this place as a percentage of non-inter-level travel turns spent in this place.
 F = Non-inter-level travel turns spent in this place divided by the number of levels of this place that you've seen.
                   A       B       C       D       E      F
               +-------+-------+-------+-------+-------+----------------------
         Total | 100.0 | 100.0 |   4.4 |  35.9 |  35.9 | 981.2
       Dungeon |  95.6 |  96.4 |   3.6 |  37.2 |  33.8 | 1182.8
        Temple |   4.4 |   3.6 |  22.6 |   0.0 |  93.7 | 175.0
               +-------+-------+-------+-------+-------+----------------------

Table legend:
 A = Kills in this place as a percentage of kills in entire the game.
 B = Kills by you in this place as a percentage of kills by you in the entire game.
 C = Kills by friends in this place as a percentage of kills by friends in the entire game.
 D = Other kills in this place as a percentage of other kills in the entire game.
 E = Experience gained in this place as a percentage of experience gained in the entire game.
 F = Experience gained in this place divided by the number of levels of this place that you have seen.
                   A       B       C       D       E      F
               +-------+-------+-------+-------+-------+----------------------
         Total | 100.0 | 100.0 |   N/A |   N/A | 100.0 | 141.4
       Dungeon | 100.0 | 100.0 |   N/A |   N/A | 100.0 | 176.8
               +-------+-------+-------+-------+-------+----------------------
